 Dungeon Crawl Stone Soup version 0.13-b1-41-gf166b9b (webtiles) character file.

188 Lilouch the Skirmisher (level 4, -5/36 HPs)
             Began as a Mummy Fighter on Oct 8, 2013.
             Slain by Sigmund
             ... wielding a +0,+0 scythe
              (8 damage)
             ... on Level 2 of the Dungeon.
             The game lasted 00:08:56 (1901 turns).

Lilouch the Skirmisher (Mummy Fighter)              Turns: 1901, Time: 00:08:56

HP  -5/36        AC  7     Str 20      XL: 4   Next:  5%
MP   3/3         EV  6     Int  7      God:
Gold 117         SH 18     Dex 11      Spells:  0 memorised,  3 levels left

Res.Fire  : x . .   See Invis. : .   r - +0,+2 elf long sword
Res.Cold  : + . .   Warding    : .   b - +0 scale mail
Life Prot.: + + +   Conserve   : .   c - +0 shield
Res.Poison: +       Res.Corr.  : .   q - +0 plumed helmet
Res.Elec. : .       Clarity    : .   (no cloak)
Sust.Abil.: . .     Spirit.Shd : .   (no gloves)
Res.Mut.  : .       Stasis     : .   (no boots)
Res.Rott. : +       Flight     : .   (no amulet)
Saprovore : . . .                    (no ring)
                                     (no ring)

@: slightly resistant to hostile enchantments, extremely unstealthy
A: no food or potions, fire vulnerability, restore body, cold resistance 1, life
protection 3, poison resistance, torment resistance, unbreathing
a: no special abilities


You were on level 2 of the Dungeon.
You were not hungry.

You visited 1 branch of the dungeon, and saw 2 of its levels.

You collected 97 gold pieces.

Inventory:

Hand weapons
 a - a +0,+0 falchion
 r - a +0,+2 elven long sword (weapon)
Missiles
 f - 31 darts (quivered)
 h - 22 bolts of penetration
 j - 2 darts of flame
Armour
 b - a +0 scale mail (worn)
 c - a +0 shield (worn)
 q - a +0 plumed helmet (worn)
Magical devices
 n - a wand of fireball (4) {unknown}
Comestibles
 o - a meat ration
 p - a cheese
Scrolls
 d - a scroll of magic mapping {unknown}
 i - a scroll of blinking {unknown}
 k - a scroll of curse armour {unknown}
 m - 2 scrolls of identify {unknown}
Jewellery
 s - a +3 ring of dexterity {unknown}
Potions
 e - 2 potions of curing {unknown}
 l - a potion of resistance {unknown}


   Skills:
 - Level 3.0 Fighting
 * Level 2.4 Long Blades
 + Level 3.0 Armour
 + Level 3.0 Shields


You had 3 spell levels left.
You didn't know any spells.

Dungeon Overview and Level Annotations

Branches:
Dungeon (2/27)

Altars:

Annotations:
D:2 Sigmund


Innate Abilities, Weirdness & Mutations

You do not eat or drink.
Your flesh is vulnerable to fire.
Your flesh is cold resistant.
You are immune to negative energy.
Your system is resistant to poisons.
You are immune to unholy pain and torment.
You can survive without breathing.


Message History

Sigmund gestures at you while chanting. The puff of flame hits you!
The fire burns you terribly!
Your scroll labeled TWODERCH STUBBEMA catches fire!
Ouch! That really hurt!
Sigmund says, "Look into my eyes."
Sigmund hits you with a scythe!
* * * LOW HITPOINT WARNING * * *
You hit Sigmund.
Sigmund is moderately wounded.
You block Sigmund's attack.
You hit Sigmund but do no damage.
Sigmund is moderately wounded.
Sigmund hits you but does no damage.
You closely miss Sigmund.
Sigmund is moderately wounded.
Your shield and scale mail prevent you from hitting Sigmund.
Sigmund is moderately wounded.
Sigmund screams, "Don't try to resist!"
Sigmund hits you with a scythe!
You die...

#..# #.# ###..###.##
########..........
#.......%#.####.##
#.##.#%...........
#.###..########### #.#
#..# #.# #..# ###@#
#..# #..@###..#
#.............# #
###.#.....)##.########
#.#.####.##.........
#####.#.#
#.########### .
..##.#.## #.# # #.#
#.##.#..# #.# # #.#
#.#.#.#.# #.# #


You could see Sigmund.

Vanquished Creatures
  Jessica (D:2)
  Terence (D:2)
  An adder (D:2)
  3 bats
  2 goblins (D:1)
  4 hobgoblins (D:1)
  2 jackals (D:1)
  9 kobolds
  A quokka (D:1)
  A ball python (D:2)
  A giant cockroach (D:1)
  3 giant newts
  6 rats
35 creatures vanquished.

Notes
Turn   | Place    | Note
--------------------------------------------------------------
     0 | D:1      | Lilouch, the Mummy Fighter, began the quest for the Orb.
     0 | D:1      | Reached XP level 1. HP: 18/18 MP: 0/0
   454 | D:1      | Reached XP level 2. HP: 24/24 MP: 1/1
  1093 | D:2      | Noticed Sigmund
  1385 | D:2      | Noticed Jessica
  1398 | D:2      | Killed Jessica
  1398 | D:2      | Reached XP level 3. HP: 27/30 MP: 2/2
  1642 | D:2      | Noticed Terence
  1655 | D:2      | Killed Terence
  1655 | D:2      | Reached XP level 4. HP: 31/36 MP: 3/3
  1901 | D:2      | Slain by Sigmund

Action                   |  1- 3 |  4- 6 || total
-------------------------+-------+-------++-------
Melee: Falchion          |   130 |       ||   130
       Long sword        |    10 |    14 ||    24
